PAA
PHOENIX HOTSPUR YOUTH @ RICHLAND RAILS
08/30/2030
 
TOP OF THE 1ST
Phoenix Hotspur Youth batting - Pitching for Richland Rails : RHP Russ Melton
Pitching: RHP Russ Melton
Batting: RHB Sinfronio Vitor 0-0: Ball
1-0: Ball
2-0: Called Strike
2-1: Called Strike
2-2: Ground out 5-3 (Groundball, 56)
Batting: LHB Damian Alldred 0-0: Ball
1-0: Fly out, F9 (Flyball, 9LS)
Batting: RHB Juan Negrete 0-0: Called Strike
0-1: Ball
1-1: Ball
2-1: Fly out, F3 (Popup, 3SF)
Top of the 1st over - 0 runs, 0 hits, 0 errors, 0 left on base; Phoenix Hotspur 0 - Richland 0
BOTTOM OF THE 1ST
Richland Rails batting - Pitching for Phoenix Hotspur Youth : RHP Masahiro Sakei
Pitching: RHP Masahiro Sakei
Batting: RHB Yoichibei Chikafuji 0-0: Ball
1-0: Ball
2-0: Called Strike
2-1: Ground out 6-3 (Groundball, 6)
Batting: RHB Michael Bradshaw 0-0: Ball
1-0: Ball
2-0: Fly out, F5 (Line Drive, 5)
Batting: RHB Alexandre Keeping 0-0: SINGLE (Line Drive, 4MD)
Batting: LHB Víctor Puente 0-0: Ball
1-0: Ground out U3 (Groundball, 34)
Bottom of the 1st over - 0 runs, 1 hit, 0 errors, 1 left on base; Phoenix Hotspur 0 - Richland 0
TOP OF THE 2ND
Phoenix Hotspur Youth batting - Pitching for Richland Rails : RHP Russ Melton
Batting: SHB Huey Wood 0-0: Ball
1-0: Ball
2-0: Foul Ball, location: 2F
2-1: SINGLE (Groundball, 34D)
Batting: RHB Bernardo Rivera 0-0: Ball
1-0: Swinging Strike
1-1: Hit by Pitch
Huey Wood to second
Batting: LHB Mark Detamore 0-0: Called Strike
0-1: Ball
1-1: Grounds into double play, 4-6-3 (Groundball, 34)
Huey Wood to third
Batting: LHB Tyler Kinjeketile 0-0: Called Strike
0-1: Ball
1-1: Foul Ball, location: 2F
1-2: DOUBLE (Flyball, 89D)
Huey Wood scores
Batting: RHB Germán Alfaro 0-0: Ground out 5-3 (Groundball, 56)
Top of the 2nd over - 1 run, 2 hits, 0 errors, 1 left on base; Phoenix Hotspur 1 - Richland 0
BOTTOM OF THE 2ND
Richland Rails batting - Pitching for Phoenix Hotspur Youth : RHP Masahiro Sakei
Batting: SHB Jorge Colón 0-0: Called Strike
0-1: Ball
1-1: Fly out, F5 (Line Drive, 5)
Batting: LHB Orlando Casillas 0-0: Ball
1-0: Called Strike
1-1: Swinging Strike
1-2: Strikes out swinging
Batting: RHB Leon Carlisle 0-0: Fly out, F9 (Flyball, 9S)
Bottom of the 2nd over - 0 runs, 0 hits, 0 errors, 0 left on base; Phoenix Hotspur 1 - Richland 0
TOP OF THE 3RD
Phoenix Hotspur Youth batting - Pitching for Richland Rails : RHP Russ Melton
Batting: RHB Carl Tucker 0-0: Swinging Strike
0-1: Swinging Strike
0-2: Foul Ball, location: 2F
0-2: Ball
1-2: Foul Ball, location: 2F
1-2: Ball
2-2: SINGLE (Groundball, 4MD)
Batting: RHB Sinfronio Vitor 0-0: Fly out, F7 (Flyball, 7)
Batting: LHB Damian Alldred 0-0: Called Strike
0-1: Ball
1-1: Swinging Strike
1-2: Ball
2-2: Ground out 4-3 (Groundball, 34)
Carl Tucker to second
Batting: RHB Juan Negrete 0-0: Ball
1-0: Ball
2-0: Ball
3-0: Called Strike
3-1: Base on Balls
Batting: SHB Huey Wood 0-0: Ball
1-0: Ground out 1-3 (Groundball, 13)
Top of the 3rd over - 0 runs, 1 hit, 0 errors, 2 left on base; Phoenix Hotspur 1 - Richland 0
BOTTOM OF THE 3RD
Richland Rails batting - Pitching for Phoenix Hotspur Youth : RHP Masahiro Sakei
Batting: RHB Spencer Lyng 0-0: Ball
1-0: Swinging Strike
1-1: Foul Ball, location: 2F
1-2: Strikes out swinging
Batting: RHB Wilford Funkhouser 0-0: Swinging Strike
0-1: Foul Ball, location: 2F
0-2: Ball
1-2: Foul Ball, location: 2F
1-2: Ground out U3 (Groundball, 34)
Batting: RHB Yoichibei Chikafuji 0-0: Called Strike
0-1: Fly out, F8 (Line Drive, 89D)
Bottom of the 3rd over - 0 runs, 0 hits, 0 errors, 0 left on base; Phoenix Hotspur 1 - Richland 0
TOP OF THE 4TH
Phoenix Hotspur Youth batting - Pitching for Richland Rails : RHP Russ Melton
Batting: RHB Bernardo Rivera 0-0: Called Strike
0-1: Ball
1-1: Ball
2-1: Ball
3-1: Swinging Strike
3-2: SINGLE (Groundball, 6MD)
Batting: LHB Mark Detamore 0-0: Called Strike
0-1: Called Strike
0-2: Ball
1-2: Ball
2-2: Strikes out looking
Batting: LHB Tyler Kinjeketile 0-0: Ball
1-0: SINGLE (Line Drive, 89S)
Bernardo Rivera to second
Batting: RHB Germán Alfaro 0-0: Fly out, F8 (Flyball, 8RD)
Batting: RHB Carl Tucker 0-0: Foul Ball, location: 2F
0-1: Fly out, F9 (Line Drive, 89M)
Top of the 4th over - 0 runs, 2 hits, 0 errors, 2 left on base; Phoenix Hotspur 1 - Richland 0
BOTTOM OF THE 4TH
Richland Rails batting - Pitching for Phoenix Hotspur Youth : RHP Masahiro Sakei
Batting: RHB Michael Bradshaw 0-0: SINGLE (Line Drive, 8LS)
Batting: RHB Alexandre Keeping 0-0: Ball
1-0: Swinging Strike
1-1: Foul Ball, location: 2F
1-2: Ball
2-2: Ball
3-2: Foul Ball, location: 2F
3-2: Ground out 6-3 (Groundball, 6S)
Michael Bradshaw to second
Batting: LHB Víctor Puente 0-0: Swinging Strike
0-1: Foul Ball, location: 2F
0-2: Fly out, F9 (Flyball, 9LM)
Batting: SHB Jorge Colón 0-0: Called Strike
0-1: Ball
1-1: Ball
2-1: Ball
3-1: Foul Ball, location: 2F
3-2: Foul Ball, location: 2F
3-2: Ground out 6-3 (Groundball, 6M)
Bottom of the 4th over - 0 runs, 1 hit, 0 errors, 1 left on base; Phoenix Hotspur 1 - Richland 0
TOP OF THE 5TH
Phoenix Hotspur Youth batting - Pitching for Richland Rails : RHP Russ Melton
Batting: RHB Sinfronio Vitor 0-0: Foul Ball, location: 2F
0-1: Ball
1-1: Ball
2-1: Ground out 5-3 (Groundball, 56)
Batting: LHB Damian Alldred 0-0: Ball
1-0: Called Strike
1-1: Called Strike
1-2: Ball
2-2: SINGLE (Groundball, 4MD)
Batting: RHB Juan Negrete 0-0: Ball
1-0: Fly out, F7 (Flyball, 7S)
Batting: SHB Huey Wood 0-0: Called Strike
Damian Alldred steals 2nd base
0-1: Called Strike
0-2: Fly out, F9 (Line Drive, 9)
Top of the 5th over - 0 runs, 1 hit, 0 errors, 1 left on base; Phoenix Hotspur 1 - Richland 0
BOTTOM OF THE 5TH
Richland Rails batting - Pitching for Phoenix Hotspur Youth : RHP Masahiro Sakei
Batting: LHB Orlando Casillas 0-0: Ball
1-0: Fly out, F6 (Line Drive, 56D)
Batting: RHB Leon Carlisle 0-0: Ball
1-0: Foul Ball, location: 2F
1-1: Foul Ball, location: 2F
1-2: Strikes out swinging
Batting: RHB Spencer Lyng 0-0: Ball
1-0: Fly out, F9 (Flyball, 9S)
Bottom of the 5th over - 0 runs, 0 hits, 0 errors, 0 left on base; Phoenix Hotspur 1 - Richland 0
TOP OF THE 6TH
Phoenix Hotspur Youth batting - Pitching for Richland Rails : RHP Russ Melton
Batting: RHB Bernardo Rivera 0-0: Ball
1-0: Swinging Strike
1-1: Foul Ball, location: 2F
1-2: Strikes out looking
Batting: LHB Mark Detamore 0-0: Ball
1-0: Ball
2-0: SINGLE (Groundball, 6S) (infield hit)
Batting: LHB Tyler Kinjeketile 0-0: Ball
1-0: Swinging Strike
1-1: Grounds into double play, 4-6-3 (Groundball, 4)
Top of the 6th over - 0 runs, 1 hit, 0 errors, 0 left on base; Phoenix Hotspur 1 - Richland 0
BOTTOM OF THE 6TH
Richland Rails batting - Pitching for Phoenix Hotspur Youth : RHP Masahiro Sakei
Batting: RHB Wilford Funkhouser 0-0: Called Strike
0-1: Called Strike
0-2: Fly out, F8 (Flyball, 78XD)
Batting: RHB Yoichibei Chikafuji 0-0: Called Strike
0-1: Ball
1-1: Ball
2-1: Ball
3-1: Foul Ball, location: 2F
3-2: Base on Balls
Batting: RHB Michael Bradshaw 0-0: SINGLE (Flyball, 7S)
Yoichibei Chikafuji to second
Batting: RHB Alexandre Keeping 0-0: Ball
1-0: Ground out 5-3 (Groundball, 5S)
Yoichibei Chikafuji to third
Michael Bradshaw to second
Batting: LHB Víctor Puente 0-0: Called Strike
0-1: Called Strike
0-2: Ball
1-2: DOUBLE (Flyball, 89XD)
Yoichibei Chikafuji scores
Michael Bradshaw scores
Batting: SHB Jorge Colón 0-0: Fly out, F9 (Flyball, 9LD)
Bottom of the 6th over - 2 runs, 2 hits, 0 errors, 1 left on base; Phoenix Hotspur 1 - Richland 2
TOP OF THE 7TH
Phoenix Hotspur Youth batting - Pitching for Richland Rails : RHP Russ Melton
Batting: RHB Germán Alfaro 0-0: Ball
1-0: Ball
2-0: Ball
3-0: Called Strike
3-1: Ground out 6-3 (Groundball, 6)
Pitching: RHP Ron Armstrong
Batting: RHB Carl Tucker 0-0: Ball
1-0: Ball
2-0: Ball
3-0: Called Strike
3-1: Base on Balls
Pinch Hitting: LHB António Escalante 0-0: Foul Ball, location: 2F
0-1: Ball
1-1: Called Strike
1-2: Foul Ball, location: 2F
1-2: Fly out, F9 (Flyball, 9S)
Pinch Hitting: LHB Kenny Scott 0-0: Foul Ball, location: 2F
0-1: Ball
1-1: Ball
Wild Pitch!
Carl Tucker to second
2-1: Ball
3-1: Base on Balls
Batting: RHB Juan Negrete 0-0: Ball
1-0: Ball
2-0: Ball
3-0: Called Strike
3-1: Called Strike
3-2: 3-RUN HOME RUN (Flyball, 7D), Distance : 361 ft
Pitching: RHP Miguel Hernández
Batting: SHB Huey Wood 0-0: Ball
1-0: Ball
2-0: Ball
3-0: Called Strike
3-1: Ground out U3 (Groundball, 3L)
Top of the 7th over - 3 runs, 1 hit, 0 errors, 0 left on base; Phoenix Hotspur 4 - Richland 2
BOTTOM OF THE 7TH
Richland Rails batting - Pitching for Phoenix Hotspur Youth : RHP Masahiro Sakei
Now at 2B: António Escalante
Now at SS: Kenny Scott
Batting: LHB Orlando Casillas 0-0: Called Strike
0-1: Ball
1-1: Fly out, F8 (Flyball, 8RD)
Batting: RHB Leon Carlisle 0-0: Ball
1-0: Ball
2-0: Ball
3-0: Called Strike
3-1: Base on Balls
Batting: RHB Spencer Lyng 0-0: Ball
1-0: Foul Ball, location: 2F
1-1: Called Strike
Leon Carlisle steals 2nd base
1-2: Ball
2-2: Fly out, F9 (Flyball, 89M)
Batting: RHB Wilford Funkhouser 0-0: Ball
1-0: Ground out 5-3 (Groundball, 56S)
Bottom of the 7th over - 0 runs, 0 hits, 0 errors, 1 left on base; Phoenix Hotspur 4 - Richland 2
TOP OF THE 8TH
Phoenix Hotspur Youth batting - Pitching for Richland Rails : RHP Miguel Hernández
Batting: RHB Bernardo Rivera 0-0: Ball
1-0: Ball
2-0: Ball
3-0: Base on Balls
Batting: LHB Mark Detamore 0-0: Ball
1-0: Fly out, F7 (Flyball, 7D)
Batting: LHB Tyler Kinjeketile 0-0: Swinging Strike
0-1: Swinging Strike
0-2: Fielders Choice at 2nd, 3-6 (Groundball, 3)
Batting: RHB Germán Alfaro 0-0: Called Strike
0-1: Ball
1-1: Ball
2-1: Foul Ball, location: 2F
2-2: Ball
3-2: Foul Ball, location: 2F
3-2: Base on Balls
Tyler Kinjeketile to second
Batting: RHB Carl Tucker 0-0: Foul Ball, location: 2F
0-1: Ground out U3 (Groundball, 34)
Top of the 8th over - 0 runs, 0 hits, 0 errors, 2 left on base; Phoenix Hotspur 4 - Richland 2
BOTTOM OF THE 8TH
Richland Rails batting - Pitching for Phoenix Hotspur Youth : RHP Masahiro Sakei
Batting: RHB Yoichibei Chikafuji 0-0: Fly out, F4 (Flyball, 34D)
Batting: RHB Michael Bradshaw 0-0: Ball
1-0: Ground out 6-3 (Groundball, 6)
Batting: RHB Alexandre Keeping 0-0: Ball
1-0: Ground out 5-3 (Groundball, 5)
Bottom of the 8th over - 0 runs, 0 hits, 0 errors, 0 left on base; Phoenix Hotspur 4 - Richland 2
TOP OF THE 9TH
Phoenix Hotspur Youth batting - Pitching for Richland Rails : RHP Miguel Hernández
Batting: LHB António Escalante 0-0: Ground out U3 (Groundball, 3)
Batting: LHB Kenny Scott 0-0: Called Strike
0-1: Ball
1-1: Swinging Strike
1-2: Ball
2-2: Ball
3-2: Foul Ball, location: 2F
3-2: Foul Ball, location: 2F
3-2: Base on Balls
Batting: RHB Juan Negrete 0-0: Ball
1-0: Ball
2-0: Foul Ball, location: 2F
2-1: Called Strike
2-2: Foul Ball, location: 2F
2-2: Strikes out swinging
Batting: SHB Huey Wood 0-0: Fielders Choice at 2nd, 6-4 (Groundball, 6)
Top of the 9th over - 0 runs, 0 hits, 0 errors, 1 left on base; Phoenix Hotspur 4 - Richland 2
BOTTOM OF THE 9TH
Richland Rails batting - Pitching for Phoenix Hotspur Youth : RHP Masahiro Sakei
Batting: LHB Víctor Puente 0-0: SINGLE (Groundball, 6MD)
Batting: SHB Jorge Colón 0-0: Grounds into double play, 5-4-3 (Groundball, 5)
Batting: LHB Orlando Casillas 0-0: Ball
1-0: Ball
2-0: Foul Ball, location: 2F
2-1: Ball
3-1: Foul Ball, location: 2F
3-2: Ground out 6-3 (Groundball, 6)
Bottom of the 9th over - 0 runs, 1 hit, 0 errors, 0 left on base; Phoenix Hotspur 4 - Richland 2
Sunday, March 18th, 2018 - OOTP Baseball 18.8 Build 76